 Dungeon Crawl Stone Soup version 0.31-a0-237-g2d982f9f85 (webtiles) character file.

Game seed: 536281790405579528

207 qw the Shooter (level 5, -1/32 HPs)
             Began as a Gargoyle Hexslinger on July 10, 2023.
             Slain by a jackal (2 damage)
             ... on level 4 of the Dungeon.
             The game lasted 00:01:09 (3066 turns).

qw the Shooter (Gargoyle Hexslinger)                Turns: 3066, Time: 00:01:10

Health: -1/32      AC: 10    Str: 12    XL:     5   Next: 85%
Magic:  6/6        EV: 10    Int: 13    God:
Gold:   127        SH:  0    Dex: 14    Spells: 5/6 levels left

rFire   . . .        Y - +2 sling
rCold   . . .        (no shield)
rNeg    + . .        b - +0 ring mail
rPois   inf          (no helmet)
rElec   +            (no cloak)
rCorr   .            f - +0 pair of gloves
SInv    .            (no boots)
Will    .....        (no amulet)
Stlth   +            (no ring)
HPRegen 0.25/turn    (no ring)
MPRegen 0.10/turn

%: no passive effects
@: no status effects
A: sickness immunity, AC +4, negative energy resistance 1, electricity
resistance, torment resistance 1, petrification resistance
a: no special abilities


You were on level 4 of the Dungeon.
You visited 1 branch of the dungeon, and saw 4 of its levels.

You collected 127 gold pieces.


Innate Abilities, Weirdness & Mutations

You are immune to sickness and miasma.
Your stone body is resilient. (AC +4)
You are immune to poison.
You resist negative energy. (rN+)
You are resistant to electric shocks. (rElec)
You are resistant to unholy torment.
You are immune to petrification.


   Skills:
 + Level 2.8 Fighting
 - Level 5.0 Ranged Weapons
 - Level 1.5 Armour
 - Level 1.5 Dodging
 - Level 1.0 Spellcasting
 - Level 2.6 Hexes


You had 5 spell levels left.
You knew the following spells:

 Your Spells              Type           Power      Damage    Failure   Level
a - Slow                  Hex            28%        N/A       21%         1

Your spell library contained the following spells:

 Spells                   Type           Power      Damage    Failure   Level
 Inner Flame              Hex/Fire       4%         N/A       71%         3
 Portal Projectile        Hex/Tloc       8%         N/A       71%         3
 Cause Fear               Hex            3%         N/A       90%         4

Inventory:

Hand Weapons
 Y - a +2 sling (weapon)
Armour
 b - a +0 ring mail (worn)
 f - a +0 pair of gloves (worn)
Scrolls
 d - a scroll of identify
Potions
 e - a potion of lignification {unknown}
 g - a potion of cancellation {unknown}
 h - a potion of curing
 i - a potion of attraction {unknown}

Dungeon Overview and Level Annotations

Branches:
Dungeon (4/15)
 Temple: D:4-7

Altars:
Nemelex Xobeh
Qazlal

Annotations:
D:4 Robin


Message History

The sleepcap is heavily damaged.
The sleepcap releases spores at you but does no damage.
The goblin hits you with a +0 club. The kobold hits you but does no damage.
The jackal bites you but does no damage. x2
You shoot a sling bullet.
The sling bullet hits the sleepcap but does no damage.
The sleepcap is heavily damaged.
The jackal bites you but does no damage.
The sleepcap closely misses you. The goblin hits you but does no damage.
Robin roars a battlecry!
The goblins go into a battle-frenzy!
The kobold hits you but does no damage.
A goblin comes into view. It is wielding a +2 dagger of venom.
The jackal bites you.
The jackal bites you but does no damage.
The sleepcap releases spores at you but does no damage.
The goblin closely misses you. The kobold closely misses you.
The jackal bites you but does no damage.
You hear an angry growl.
You hear a shout!
You shoot a sling bullet. The sling bullet hits the sleepcap!
The sleepcap is almost destroyed.
The jackal bites you but does no damage.
The jackal barely misses you.
The sleepcap releases spores at you but does no damage.
The goblin misses you. The kobold closely misses you.
The jackal barely misses you.
You shoot a sling bullet.
The sling bullet hits the sleepcap but does no damage.
The sleepcap is almost destroyed.
The jackal barely misses you. The jackal closely misses you.
The sleepcap releases spores at you. The goblin hits you but does no damage.
The kobold hits you but does no damage.
A goblin comes into view. It is wielding a +0 club.
The jackal barely misses you.
You shoot a sling bullet. The sling bullet hits the sleepcap!
You destroy the sleepcap!
The jackal bites you but does no damage. x2
The goblin hits you with a +0 club. x2; The goblin hits you but does no damage.
The kobold barely misses you. The jackal bites you. x2
You die...

#####....
......... .#
.......)# .#
........##.#
...........#
...........#
.......g...#
......ghgg.#
......gh@g.#
.......Khg.#
.#g..gg.h..#
...#g##..#.#
.. #. ...#.#
. . #.#.#.#
g# ..#.# #
.###.#


You could see Robin, 4 jackals, a hobgoblin (strong), 9 goblins and a kobold.

Vanquished Creatures
  An orc priest (D:3)
  A sleepcap (D:4)
  2 orc wizards
  5 adders
  3 worms (D:2)
  2 dart slugs
  7 orcs (D:3)
  5 bats
  7 endoplasms
  3 giant cockroaches
  9 goblins
  2 hobgoblins
  3 jackals (D:3)
  3 quokkas
  7 ball pythons
  A frilled lizard (D:1)
  A kobold (D:3)
  3 rats
65 creatures vanquished.

Notes
Turn   | Place    | Note
-------+----------+-------------------------------------------
     0 | D:1      | qw the Gargoyle Hexslinger began the quest for the Orb.
     0 | D:1      | Reached XP level 1. HP: 12/12 MP: 2/2
     0 | D:1      | 0 ||| qw: Version: 0.3-a-52-g30416fa
     0 | D:1      | 0 ||| qw: Game counter: 5154
     0 | D:1      | 0 ||| qw: Melee chars always use a shield: true
     0 | D:1      | 0 ||| qw: God list: Okawaru
     0 | D:1      | 0 ||| qw: Allow faded altars: false
     0 | D:1      | 0 ||| qw: Do Orc after clearing Dungeon:15 true
     0 | D:1      | 0 ||| qw: Do second Lair branch before Depths: true
     0 | D:1      | 0 ||| qw: Lair rune preference: random
     0 | D:1      | 0 ||| qw: Goals: Normal
     0 | D:1      | 0 ||| PLANNING D:1-11
   154 | D:1      | Reached XP level 2. HP: 16/16 MP: 3/3
   433 | D:1      | Reached skill level 3 in Ranged Weapons
   435 | D:1      | Found a faded altar of an unknown god.
   588 | D:1      | Reached XP level 3. HP: 19/21 MP: 4/4
   909 | D:1      | 909 ||| READING 2 scrolls labelled DYC CEDESO.
   914 | D:1      | 914 ||| READING scroll labelled ZEZ WARROG.
   915 | D:1      | 915 ||| DROPPING scroll of poison.
  1148 | D:2      | Reached XP level 4. HP: 26/26 MP: 5/5
  1369 | D:2      | Reached skill level 4 in Ranged Weapons
  1784 | D:2      | 1784 ||| UPGRADING to +0 pair of gloves.
  1789 | D:2      | 1789 ||| DROPPING scarf of shadows.
  1790 | D:2      | 1790 ||| READING scroll labelled IZOMME XOFUKHAO.
  1791 | D:2      | 1791 ||| READING 3 scrolls labelled NYRPHE ROTYRU.
  1792 | D:2      | 1792 ||| READING scroll labelled QUOLIHOONE.
  1793 | D:2      | 1793 ||| READING 2 scrolls of identify.
  1793 | D:2      | 1793 ||| IDENTIFYING smoky blue potion
  1794 | D:2      | 1794 ||| DROPPING potion of brilliance.
  1982 | D:3      | 1982 ||| FLEEEEING.
  1983 | D:3      | 1983 ||| FLEEEEING.
  1986 | D:3      | 1986 ||| FLEEEEING.
  1987 | D:3      | 1987 ||| FLEEEEING.
  1990 | D:3      | 1990 ||| FLEEEEING.
  1996 | D:3      | 1996 ||| FLEEEEING.
  1997 | D:3      | 1997 ||| FLEEEEING.
  1998 | D:3      | 1998 ||| FLEEEEING.
  1999 | D:3      | 1999 ||| FLEEEEING.
  2003 | D:3      | 2003 ||| FLEEEEING.
  2004 | D:3      | 2004 ||| FLEEEEING.
  2010 | D:3      | 2010 ||| STAIRDANCE
  2051 | D:2      | 2051 ||| UPGRADING to +0 ring mail.
  2061 | D:2      | 2061 ||| DROPPING +0 robe.
  2062 | D:2      | 2062 ||| DRINKING 2 clear potions.
  2066 | D:3      | 2066 ||| STAIRDANCE
  2089 | D:3      | 2089 ||| STAIRDANCE
  2093 | D:2      | HP: 6/26 [something/puff of flame (10)]
  2099 | D:2      | HP: 1/26 [something (3)]
  2101 | D:2      | Reached skill level 1 in Armour
  2260 | D:3      | Reached XP level 5. HP: 28/30 MP: 6/6
  2270 | D:3      | Found a stormy altar of Qazlal.
  2275 | D:3      | Noticed a fire elemental
  2336 | D:3      | Noticed an air elemental
  2345 | D:3      | Noticed a water elemental
  2460 | D:3      | HP: 5/30 [orc priest/divine providence (12)]
  2461 | D:3      | 2461 ||| READING scroll of teleportation.
  2621 | D:3      | Found a sparkling altar of Nemelex Xobeh.
  2810 | D:3      | Reached skill level 5 in Ranged Weapons
  3039 | D:3      | 3039 ||| READING scroll labelled YRRUQA RUXTUNG.
  3058 | D:4      | Noticed Robin
  3059 | D:4      | 3059 ||| Stepping ~*~*~tactically~*~*~ (outnumbered).
  3063 | D:4      | HP: 7/32 [jackal (3)]
  3066 | D:4      | HP: 3/32 [goblin/+0 club[Robin] (2)]
  3066 | D:4      | HP: 1/32 [jackal (1)]
  3066 | D:4      | Slain by a jackal

Levels and vault maps discovered:
D:1:      lemuel_arrival_cross, layout_basic,
          shapermc_ecumenical_altar_starsandcircs
D:2:      layout_basic, minmay_heptomino_o4
D:3:      layout_basic, nicolae_qazlal_style_of_elements,
          nemelex_dance_club_becter, kennysheep_donut,
          minmay_misc_feat_nine_boxes
D:4:      layout_rooms, mainiacjoe_overflow_alcove_1, uniq_robin

Skill      XL: |  1  2  3  4  5 |
---------------+----------------+-----
Ranged Weapons | 3 4 5 |  5.0
Fighting       | 2 |  2.8
Armour         | 1 |  1.5
Dodging        | |  1.5
Spellcasting   | |  1.0
Hexes          | |  2.6

Action                     |  1- 3 |  4- 6 || total
---------------------------+-------+-------++-------
   Fire: Sling             |    97 |   174 ||   271
    Use: Scroll            |     2 |     6 ||     8
         Potion            |       |     1 ||     1
 Armour: Robe              |     7 |     1 ||     8
         Ring mail         |       |    77 ||    77
  Dodge: Dodged            |    28 |    52 ||    80

Table legend:
 A = Non-vault XP
 B = Vault XP
 C = Vault XP percentage of total XP
 D = Non-vault monster count
 E = Vault monster count
 F = Vault count percentage of total count
                 A         B        C        D         E       F
            +---------+---------+-------+---------+---------+-------
      Total |     315 |      19 |   5.7 |      62 |       3 |   4.6
            +---------+---------+-------+---------+---------+-------
        D:1 |      43 |       0 |   0.0 |      24 |       0 |   0.0
        D:2 |      77 |      14 |  15.4 |      13 |       1 |   7.1
        D:3 |     157 |       5 |   3.1 |      24 |       2 |   7.7
        D:4 |      38 |       0 |   0.0 |       1 |       0 |   0.0
            +---------+---------+-------+---------+---------+-------
